 Seeded DCSS version 0.30.1-4-g462c640d31 (webtiles) character file.

Game seed: 6351066067085065685 (custom seed)

771 Esekla the Thaumaturge (level 7, -3/36 HPs)
             Began as a Deep Elf Wanderer on Sept 8, 2023.
             Was a Believer of Vehumet.
             Slain by a gnoll sergeant
             ... wielding a +4 trident of venom
              (13 damage)
             ... on level 6 of the Dungeon.
             The game lasted 00:31:29 (4160 turns).

Esekla the Thaumaturge (Deep Elf Wanderer)          Turns: 4160, Time: 00:31:30

Health: -3/36      AC:  4    Str: 11    XL:     7   Next: 53%
Magic:  15/21      EV: 12    Int: 20    God:    Vehumet [**....]
Gold:   287        SH:  4    Dex: 14    Spells: 13/23 levels left

rFire   . . .        s - +5 rapier of the Hero {heavy, rN+ Dex+3}
rCold   . . .        d - +0 buckler
rNeg    + . .        c - +0 robe
rPois   .            k - +0 helmet
rElec   .            (no cloak)
rCorr   .            j - +0 pair of gloves
SInv    .            (no boots)
Will    .....        A - amulet of magic regeneration
Stlth   ++           (no ring)
HPRegen 0.26/turn    (no ring)
MPRegen 0.57/turn

%: no passive effects
@: lethally poisoned (-3 -> -6), very slightly contaminated
A: no striking features
a: Renounce Religion


You were on level 6 of the Dungeon.
You worshipped Vehumet.
Vehumet was pleased with you.
You visited 1 branch of the dungeon, and saw 7 of its levels.

You collected 287 gold pieces.

Inventory:

Hand Weapons
 a - a +2 vampiric dagger
 r - a +0 trident
 s - the +5 rapier of the Hero (weapon) {heavy, rN+ Dex+3}
   (You found it on level 3 of the Dungeon)

   Dex:       It affects your dexterity (+3).
   rN:        It protects you from negative energy.
Missiles
 v - 6 poisoned darts (quivered)
Armour
 c - a +0 robe (worn)
 d - a +0 buckler (worn)
 j - a +0 pair of gloves (worn)
 k - a +0 helmet (worn)
Jewellery
 A - an amulet of magic regeneration (around neck)
Wands
 p - a wand of roots (11)
 y - a wand of flame (14)
Scrolls
 g - 4 scrolls of identify {unknown}
 m - 2 scrolls of amnesia {unknown}
 n - a scroll of enchant armour {unknown}
 q - a scroll of blinking {unknown}
 u - 2 scrolls of fog {unknown}
 w - a scroll of immolation {unknown}
 x - 3 scrolls of enchant weapon {unknown}
 z - 2 scrolls of fear
 B - a scroll of magic mapping {unknown}
 C - a scroll of silence {unknown}
 D - a scroll of teleportation {unknown}
Potions
 b - 2 potions of lignification
 e - a potion of ambrosia {unknown}
 f - 2 potions of attraction {unknown}
 h - a potion of heal wounds {unknown}
 i - 3 potions of curing
 l - a potion of mutation {unknown}
 o - a potion of haste {unknown}
 t - 3 potions of brilliance {unknown}


   Skills:
 + Level 1.2 Short Blades
 + Level 0.7 Throwing
 * Level 2.8 Dodging
 + Level 1.6 Stealth
 + Level 1.7 Shields
 * Level 8.5 Spellcasting
 + Level 2.9 Conjurations
 * Level 4.2 Necromancy
 + Level 3.0 Translocations
 + Level 1.0 Invocations
 + Level 0.1 Evocations


You had 13 spell levels left.
You knew the following spells:

 Your Spells              Type           Power      Damage    Failure   Level
a - Magic Dart            Conj           80%        1d7       3%          1
b - Blink                 Tloc           40%        N/A       4%          2
d - Vampiric Draining     Necr           25%        2d7       6%          3
p - Apportation           Tloc           40%        N/A       3%          1
t - Teleport Other        Tloc           20%        N/A       10%         3

Your spell library contained the following spells:

 Spells                   Type           Power      Damage    Failure   Level
 Foxfire                  Conj/Fire      56%        2x1d6     6%          1
 Lesser Beckoning         Tloc           40%        N/A       4%          2
 Gell's Gravitas          Tloc           20%        N/A       10%         3
 Ignite Poison            Fire/Tmut/Pois 8%         N/A       34%         3
 Spider Form              Tmut/Pois      8%         N/A       34%         3
 Cause Fear               Hex            4%         N/A       75%         4
 Summon Mana Viper        Hex/Summ       8%         N/A       97%         5


Dungeon Overview and Level Annotations

Branches:
Dungeon (7/15)
 Temple: D:4-7

Altars:
Dithmenos
Hepliaklqana
Okawaru
Qazlal
Trog
Vehumet
Zin
The Shining One

Shops:
D:2 =   D:4 (

Annotations:
D:6 Blork the orc


Message History

There is a stone staircase leading down here.
Casting: Vampiric Draining (dangerous; 6% risk of failure)
Confirm with . or Enter, or press ? or * to list all spells.
Aiming: Vampiric Draining (dangerous; 6% risk of failure)
Press: ? - help, Shift-Dir - straight line, f - gnoll sergeant
Aim: a gnoll sergeant, wielding a +4 trident of venom, wearing a +0 ring mail and wearing a +0 buckler (lightly wounded)
You draw life force from the gnoll sergeant.
You feel life coursing into your body.
You feel sick.
The gnoll sergeant hits you with a +4 trident of venom!
You are lethally poisoned!
The gnoll hits you with a +0 club.
* * * LOW HITPOINT WARNING * * *
It was a potion of curing.
You feel better.
The gnoll sergeant hits you with a +4 trident of venom.
* * * LOW HITPOINT WARNING * * *
You are lethally poisoned!
The gnoll barely misses you.
You feel better.
The gnoll sergeant hits you with a +4 trident of venom.
You are poisoned.
The gnoll barely misses you.
Casting: Vampiric Draining (dangerous; 6% risk of failure)
Confirm with . or Enter, or press ? or * to list all spells.
Aiming: Vampiric Draining (dangerous; 6% risk of failure)
Press: ? - help, Shift-Dir - straight line, f/p - gnoll sergeant
Aim: a gnoll sergeant, wielding a +4 trident of venom, wearing a +0 ring mail and wearing a +0 buckler (moderately wounded)
You draw life force from the gnoll sergeant!
You feel life coursing into your body.
You feel sick. The gnoll hits you with a +0 club.
The gnoll sergeant barely misses you.
Casting: Vampiric Draining (dangerous; 6% risk of failure)
Confirm with . or Enter, or press ? or * to list all spells.
Aiming: Vampiric Draining (dangerous; 6% risk of failure)
Press: ? - help, Shift-Dir - straight line, f/p - gnoll sergeant
Aim: a gnoll sergeant, wielding a +4 trident of venom, wearing a +0 ring mail and wearing a +0 buckler (heavily wounded)
You miscast Vampiric Draining.
You are very lightly contaminated with residual magic.
Nothing appears to happen.
You feel sick. The gnoll hits you with a +0 club.
* * * LOW HITPOINT WARNING * * *
The gnoll sergeant hits you with a +4 trident of venom!
You die...

#......#######...########
#<........#....#........#
###.#####.#.####..#####.
#.# #.#.####.....#
#.......##...#......#.# #
#.#...#.######.###..#.##.#
# ..... .. #.###.......#
....... ... #g#......####
#........ .. #@#.##.###
#......... o #g#.##.#
#.........5 #......#
###.#### #.# #.# #.# ..#
###


You could see a gnoll sergeant and a gnoll.

Vanquished Creatures
  A black bear (D:2)
  An ogre (D:5)
  2 scorpions (D:5)
  A gnoll bouda (D:5)
  4 hounds
  A sleepcap (D:5)
  5 iguanas
  3 gnolls
  7 adders
  2 white imps
  3 dart slugs
  10 orcs
  4 endoplasms
  8 goblins
  4 hobgoblins
  A quokka (D:1)
  6 ball pythons
  4 bats
  4 frilled lizards
  5 kobolds
  A rat (D:2)
77 creatures vanquished.

Notes
Turn   | Place    | Note
-------+----------+-------------------------------------------
     0 | D:1      | Esekla the Deep Elf Wanderer began the quest for the Orb.
     0 | D:1      | Esekla set off with the following items: a +0 club, a
                  | potion of lignification, a +0 robe, a +0 buckler; and the
                  | following spells available to memorise: Apportation, Blink,
                  | Lesser Beckoning, Magic Dart, Ignite Poison, Vampiric
                  | Draining.
     0 | D:1      | Reached XP level 1. HP: 10/10 MP: 7/7
     2 | D:1      | Learned a level 1 spell: Magic Dart
     4 | D:1      | Learned a level 1 spell: Apportation
   317 | D:4      | Found a radiant altar of Vehumet.
   376 | D:4      | Found an iron altar of Okawaru.
   387 | D:4      | Found a glowing silver altar of Zin.
   468 | D:4      | Became a worshipper of Vehumet
   593 | D:3      | Reached skill level 1 in Dodging
   731 | D:3      | Reached XP level 2. HP: 15/15 MP: 4/9
   734 | D:3      | Learned a level 2 spell: Blink
   755 | D:3      | Reached skill level 1 in Necromancy
   911 | D:2      | Reached skill level 5 in Spellcasting
   956 | D:2      | Found Renulab's Jewellery Shop.
  1047 | D:2      | Reached skill level 1 in Conjurations
  1114 | D:3      | Identified the +5 rapier of the Hero {heavy, rN+ Dex+3}
  1230 | D:3      | Reached XP level 3. HP: 19/19 MP: 8/11
  1234 | D:3      | Learned a level 3 spell: Vampiric Draining
  1523 | D:2      | Noticed a black bear
  1667 | D:1      | Reached * piety under Vehumet
  1667 | D:1      | Offered knowledge of Sandblast by Vehumet.
  1803 | D:2      | Found a faded altar of an unknown god.
  1833 | D:2      | Reached XP level 4. HP: 16/24 MP: 5/13
  1981 | D:1      | Learned a level 3 spell: Teleport Other
  2282 | D:2      | Killed a black bear
  2283 | D:2      | Reached skill level 6 in Spellcasting
  2283 | D:2      | Reached XP level 5. HP: 27/28 MP: 13/15
  2488 | D:3      | Found a stormy altar of Qazlal.
  2521 | D:3      | Found a hazy altar of Hepliaklqana.
  2523 | D:3      | Found a bloodstained altar of Trog.
  2678 | D:4      | Found Ponaysk's Antique Weapon Boutique.
  2812 | D:4      | Found a glowing golden altar of the Shining One.
  2854 | D:5      | Entered Level 5 of the Dungeon
  2948 | D:5      | Reached XP level 6. HP: 25/32 MP: 13/17
  3045 | D:5      | Found a shadowy altar of Dithmenos.
  3125 | D:5      | Got the Parchment of the Lumpy Olives
  3284 | D:5      | Reached skill level 1 in Short Blades
  3358 | D:5      | Reached skill level 7 in Spellcasting
  3438 | D:5      | Reached ** piety under Vehumet
  3542 | D:5      | Reached XP level 7. HP: 27/36 MP: 18/20
  3624 | D:5      | Offered knowledge of Foxfire by Vehumet.
  3671 | D:5      | Reached skill level 8 in Spellcasting
  4099 | D:6      | Noticed Blork the orc
  4160 | D:6      | Slain by a gnoll sergeant

Illustrated notes

Levels and vault maps discovered:
D:1:      sevenhm_arrival_forest_fort_small_3, layout_rooms,
          chequers_serial_rivers_room_b, minmay_misc_feat_five
D:2:      layout_loops_ring, dreamdust_ecumenical_altar_angels_and_demons,
          serial_shops, shop
D:3:      layout_basic, grunt_temple_overflow_open, minmay_misc_feat_iff
D:4:      layout_basic, nicolae_overflow_quartered_altars, serial_shops,
          nicolae_diamond_shop
D:5:      layout_loops_ring, lemuel_doored_altar, minmay_misc_feat_rows,
          dreamdust_wishing_well
D:6:      layout_loops_cross, fedhas_altar_fruit_tree,
          minmay_temple_entry_glass, uniq_pikel, uniq_blork_the_orc
D:7:      layout_basic, uniq_menkaure, uniq_joseph, uniq_crazy_yiuf_cottage

Skill      XL: |  1  2  3  4  5  6  7 |
---------------+----------------------+-----
Dodging        | 1 2 |  2.8
Necromancy     | 1 2 3 4 |  4.2
Spellcasting   | 5 6 7 8 |  8.5
Conjurations   | 1 2 |  2.9
Short Blades   | 1 |  1.2
Translocations | 3 |  3.0
Throwing       | |  0.7
Stealth        | |  1.6
Shields        | |  1.7
Invocations    | |  1.0
Evocations     | |  0.1

Action                     |  1- 3 |  4- 6 |  7- 9 || total
---------------------------+-------+-------+-------++-------
  Melee: Short sword       |    65 |    41 |       ||   106
         Rapier            |       |     7 |     5 ||    12
         Dagger            |       |    16 |    19 ||    35
  Throw: Dart              |     4 |    11 |     4 ||    19
   Cast: Apportation       |    36 |    19 |    15 ||    70
         Magic Dart        |    54 |    63 |     7 ||   124
         Vampiric Draining |     2 |    12 |    12 ||    26
  Evoke: Wand              |       |     2 |     3 ||     5
    Use: Scroll            |     1 |       |       ||     1
         Potion            |       |       |     2 ||     2
   Stab: Sleeping          |     2 |     2 |     1 ||     5
 Armour: Robe              |    31 |    18 |     5 ||    54
  Dodge: Dodged            |    58 |    29 |    25 ||   112
  Block: Buckler           |    14 |    12 |     4 ||    30
